 Dungeon Crawl Stone Soup version 0.31.0-11-ge490571c62 (webtiles) character file.

Game seed: 4428754005886408915

357 browni3141 the Chopper (level 6, -12/56 HPs)
             Began as a Minotaur Fighter on Jan 29, 2024.
             Was an Initiate of Okawaru.
             Mangled by an orc warrior
             ... wielding a +0 war axe
              (14 damage)
             ... on level 4 of the Dungeon.
             The game lasted 00:00:58 (2038 turns).

browni3141 the Chopper (Minotaur Fighter)           Turns: 2038, Time: 00:00:59

Health: -12/56     AC: 14    Str: 22    XL:     6   Next: 37%
Magic:  5/5        EV:  6    Int:  5    God:    Okawaru [......]
Gold:   66         SH:  5    Dex: 10    Spells: 5/5 levels left

rFire   + . .        a - +0 war axe
rCold   + . .        c - +0 buckler
rNeg    . . .        t - +0 plate armour
rPois   +            (helmet restricted)
rElec   +            m - +0 cloak
rCorr   +            n - +0 pair of gloves
SInv    .            (no boots)
Will    .....        r - amulet of faith Stlth
                     (no ring)
HPRegen 0.29/turn    (no ring)
MPRegen 0.09/turn

%: faith
@: mighty, lethally poisoned (-12 -> -21), resistant
A: horns 2, retaliatory headbutt
a: Renounce Religion


You were on level 4 of the Dungeon.
You worshipped Okawaru.
Okawaru was noncommittal.
You visited 1 branch of the dungeon, and saw 4 of its levels.

You collected 66 gold pieces.

Inventory:

Hand Weapons
 a - a +0 war axe (weapon)
Missiles
 f - 3 javelins (quivered)
 v - a boomerang
Armour
 b - a +0 scale mail
 c - a +0 buckler (worn)
 m - a +0 cloak (worn)
 n - a +0 pair of gloves (worn)
 t - a +0 plate armour (worn)
Jewellery
 r - an amulet of faith (around neck)
 s - an amulet of magic regeneration
Wands
 u - a wand of flame (14)
Scrolls
 g - a scroll of blinking {unknown}
 k - 3 scrolls of identify {unknown}
 l - a scroll of revelation {unknown}
 o - a scroll of brand weapon {unknown}
 p - a scroll of teleportation {unknown}
 q - a scroll of poison {unknown}
 w - a scroll of enchant weapon {unknown}
 x - a scroll of summoning {unknown}
Potions
 e - 4 potions of brilliance {unknown}
 h - 2 potions of lignification {unknown}
 i - 2 potions of resistance
 j - 2 potions of degeneration {unknown}


   Skills:
 + Level 5.0 Fighting
 * Level 5.5 Axes
 + Level 5.0 Armour
 + Level 5.0 Shields


You had 5 spell levels left.
You didn't know any spells.
Your spell library contained the following spells:

 Spells                   Type           Power      Damage    Failure   Level
 Kiss of Death            Conj/Necr      0%         2d5       100%        1
 Confusing Touch          Hex            0%         N/A       100%        3
 Dispel Undead            Necr           0%         3d6       100%        4


Dungeon Overview and Level Annotations

Branches:
Dungeon (4/15)
 Temple: D:4-7

Altars:
Cheibriados
Nemelex Xobeh
Okawaru


Innate Abilities, Weirdness & Mutations

You have a pair of horns on your head.
You reflexively headbutt those who attack you in melee.


Message History

You slash the orc!
An orc warrior comes into view. It is wielding a +0 war axe.
The orc hits you with a +0 dagger. The orc hits you but does no damage.
There are monsters nearby!
You barely miss the orc.
The orc is almost dead.
The orc warrior shouts!
You hit the orc. The orc hits you but does no damage.
An orc comes into view. It is wielding a +0 club.
The orc hits you but does no damage.
There are monsters nearby!
The orc shouts!
You hit the orc.
You kill the orc!
Okawaru accepts your kill.
You slash the orc!
You kill the orc!
Okawaru accepts your kill.
You hear a shout!
You barely miss the orc. You headbutt the orc, but do no damage.
You block the orc's attack.
An orc comes into view. It is wielding a +0 club.
There are monsters nearby!
You hit the orc but do no damage. Your headbutt misses the orc.
You closely miss the orc.
The orc warrior unwields a +0 war axe.
The orc warrior wields a +0 arbalest.
The orc warrior shoots a bolt.
You block the bolt.
You closely miss the orc. x2; You hit something.
The orc hits you but does no damage.
You are poisoned.
The orc hits you but does no damage.
You are more poisoned.
You block something's attack. Something hits you but does no damage.
The orc completely misses you. You furiously retaliate!
You headbutt the orc.
There are monsters nearby!
You feel very sick. Something hits you. You block the orc's attack.
Things that are here:
a +0 dagger; an orc corpse You closely miss the orc.
You hit the orc. You miss something. You hit the orc but do no damage.
You barely miss the orc warrior. You barely miss the orc.
You feel sick.
The orc warrior unwields a +0 arbalest.
The orc warrior wields a +0 war axe.
The orc warrior hits you but does no damage.
The orc hits you but does no damage. You block the orc's attack.
The orc barely misses you. The orc hits you but does no damage.
Something hits you but does no damage.
You barely miss the orc. Your headbutt misses the orc.
The orc is moderately wounded.
You miss something. You closely miss the orc. You closely miss the orc warrior.
You hit the orc. You slash the orc!
You kill the orc!
Okawaru accepts your kill.
You feel sick. The orc warrior barely misses you. The orc barely misses you. x2
You furiously retaliate!
You headbutt the orc. The orc hits you but does no damage.
You are more poisoned.
Something hits you but does no damage.
The orc warrior hits you with a +0 war axe.
There are monsters nearby!
You feel very mighty all of a sudden.
You feel very sick.
The orc hits you with a +1 dagger of venom.
You are more poisoned.
You block the orc's attack. The orc hits you with a +0 club.
The orc hits you but does no damage. Something hits you.
The orc warrior hits you with a +0 war axe.
You slice the orc!!
You kill the orc!
Okawaru accepts your kill.
You barely miss the orc warrior. You slash the orc!
You kill the orc!
Okawaru accepts your kill.
You slash the orc!
You kill the orc!
Okawaru accepts your kill.
You slash the orc!
You kill the orc!
Okawaru accepts your kill.
You hit something.
You feel very sick. Something hits you but does no damage.
The orc warrior hits you with a +0 war axe.
You slice the orc warrior!!
The orc warrior is severely wounded.
You slash something! Okawaru accepts your kill.
Reactivating autopickup.
You feel a bit more experienced.
You feel very sick.
The orc warrior hits you with a +0 war axe!
Your Fighting skill increases to level 5!
You are too injured to fight recklessly!
You are too injured to fight recklessly!
You are too injured to fight recklessly!
It was a potion of resistance.
You feel protected.
You feel very sick.
The orc warrior hits you with a +0 war axe!
You die...

........#
........###+##
.............#
............+
#..........#
#.........#
#..)o)....# ..
#..)@.....#
#..#+#####.())$....#
............?..)....#
.....................#
#....................#
#....................#
#............).......#
#...........##########
#...........#


You could see an orc warrior.

Vanquished Creatures
  An ice beast (D:3)
  2 hounds (D:4)
  3 orc wizards
  4 gnolls (D:3)
  2 adders
  4 dart slugs
  A ribbon worm (D:3)
  11 orcs
  8 bats
  2 endoplasms (D:2)
  A giant cockroach (D:1)
  3 hobgoblins
  A kobold (D:2)
  4 ball pythons
  4 frilled lizards
  2 goblins
  3 rats
56 creatures vanquished.

Notes
Turn   | Place    | Note
-------+----------+-------------------------------------------
     0 | D:1      | browni3141 the Minotaur Fighter began the quest for the
                  | Orb.
     0 | D:1      | Reached XP level 1. HP: 19/19 MP: 0/0
   176 | D:1      | Reached XP level 2. HP: 27/27 MP: 1/1
   703 | D:2      | Reached XP level 3. HP: 33/33 MP: 2/2
  1205 | D:3      | Reached XP level 4. HP: 40/40 MP: 3/3
  1451 | D:3      | Reached XP level 5. HP: 43/47 MP: 4/4
  1699 | D:3      | Found a sparkling altar of Nemelex Xobeh.
  1699 | D:3      | Found a snail-covered altar of Cheibriados.
  1776 | D:3      | Noticed an ice beast
  1784 | D:3      | Killed an ice beast
  1785 | D:3      | Reached skill level 5 in Axes
  1914 | D:3      | Found an iron altar of Okawaru.
  1926 | D:3      | Became a worshipper of Warmaster Okawaru
  1982 | D:4      | Reached XP level 6. HP: 48/55 MP: 5/5
  2018 | D:4      | Reached skill level 5 in Armour
  2018 | D:4      | Reached skill level 5 in Shields
  2026 | D:4      | Noticed an orc warrior
  2038 | D:4      | Reached skill level 5 in Fighting
  2038 | D:4      | HP: 2/56 [poisoned by an orc]
  2038 | D:4      | Mangled by an orc warrior

Illustrated notes

Levels and vault maps discovered:
D:1:      grunt_arrival_crossed_arrows, layout_basic, minmay_misc_feat_alley
D:2:      layout_loops_ring, kennysheep_boxes
D:3:      layout_basic, gammafunk_temple_overflow_elements,
          hellmonk_okawaru_the_only_friend_you_need
D:4:      layout_basic, nicolae_ru_path_of_blood, nicolae_uskayaw_suspiria,
          amcnicky_altar_gilded

Skill      XL: |  1  2  3  4  5  6 |
---------------+-------------------+-----
Axes           | 3 4 5 |  5.5
Fighting       | 4 5 |  5.0
Armour         | 4 5 |  5.0
Shields        | 4 5 |  5.0

Action                     |  1- 3 |  4- 6 || total
---------------------------+-------+-------++-------
  Melee: War axe           |    53 |    68 ||   121
         Headbutt          |     7 |    11 ||    18
    Use: Potion            |       |     2 ||     2
 Armour: Scale mail        |    39 |       ||    39
         Plate armour      |     7 |    82 ||    89
  Dodge: Dodged            |    38 |    21 ||    59
  Block: Buckler           |    14 |    14 ||    28
